 Dungeon Crawl Stone Soup version 0.29.0-5-ge4962eb29e (webtiles) character file.

Game seed: 9396000489875977620

102001 Flugkiller the Tortoise (level 15, 0/147 HPs)
             Began as a Minotaur Fighter on Aug 28, 2022.
             Was a High Priest of Okawaru.
             Slain by a fire giant
             ... wielding a +1 great sword of flaming
              (15 damage)
             ... on level 15 of the Dungeon.
             The game lasted 00:11:01 (23457 turns).

Flugkiller the Tortoise (Minotaur Fighter)         Turns: 23457, Time: 00:11:02

Health: 0/147      AC: 31    Str: 23    XL:     15   Next: 85%
Magic:  20/22      EV: 20    Int:  5    God:    Okawaru [*****.]
Gold:   1276       SH:  8    Dex: 15    Spells: 14/14 levels left

rFire   + . .      SeeInvis .   H - +5 war axe (vamp)
rCold   + + .      Faith    .   K - +2 buckler {AC+3}
rNeg    + . .      Spirit   .   C - +8 chain mail of Unnyrhiw {rC+ rN+}
rPois   +          Reflect  .   (helmet restricted)
rElec   +          Harm     .   A - +2 cloak
rCorr   +          Rampage  .   (no gloves)
Will    +....                   (no boots)
Stlth   ..........              Q - amulet of the acrobat
HPRegen 0.34/turn               v - +4 ring of evasion
MPRegen 0.18/turn               o - ring of poison resistance

@: resistant, heroic
A: horns 2, retaliatory headbutt
a: Renounce Religion, Heroism, Finesse, Duel


You were on level 15 of the Dungeon.
You worshipped Okawaru.
Okawaru was extremely pleased with you.
You visited 3 branches of the dungeon, and saw 21 of its levels.

You collected 1551 gold pieces.
You spent 275 gold pieces at shops.

Inventory:

Hand Weapons
 a - a +3 vorpal broad axe
   (Okawaru gifted it to you on level 3 of the Lair of Beasts)
 y - a +2 rapier of distortion
   (You took it off a spriggan on level 5 of the Lair of Beasts)
 H - a +5 vampiric war axe (weapon)
   (You acquired it on level 11 of the Dungeon)
 R - the +9 battleaxe "Boejuem" {drain, Str+2}
   (Okawaru gifted it to you on level 14 of the Dungeon)

   A truly terrible weapon, it drains the life of any living foe it strikes.
   Str:       It affects your strength (+2).
Missiles
 u - 4 silver javelins (quivered)
 I - a throwing net
Armour
 A - a +2 cloak (worn)
   (You took it off Crazy Yiuf on level 7 of the Dungeon)
 C - the +8 chain mail of Unnyrhiw (worn) {rC+ rN+}
   (You bought it in a shop on level 2 of the Dungeon)

   rC:        It protects you from cold.
   rN:        It protects you from negative energy.
 K - a +2 buckler of protection (worn)
   (You found it on level 9 of the Dungeon)
 N - a scarf of resistance
   (You found it on level 7 of the Dungeon)
Jewellery
 c - a ring of protection from cold
   (You found it on level 7 of the Dungeon)
 f - a ring of protection from fire
   (You found it on level 2 of the Lair of Beasts)
 o - a ring of poison resistance (right hand)
   (You found it on level 10 of the Dungeon)
 v - a +4 ring of evasion (left hand)
   (You found it on level 1 of the Dungeon)
 G - a +6 ring of strength
   (You found it on level 13 of the Dungeon)
 J - an amulet of guardian spirit
   (You found it on level 14 of the Dungeon)
 M - a ring of flight
   (You found it on level 11 of the Dungeon)
 P - an amulet of faith
   (You found it on level 2 of the Lair of Beasts)
 Q - an amulet of the acrobat (around neck)
   (You found it on level 1 of the Dungeon)
Wands
 g - a wand of digging (22)
   (You found it on level 6 of the Dungeon)
 k - a wand of iceblast (17)
   (You found it on level 6 of the Dungeon)
 B - a wand of mindburst (8)
   (You found it on level 5 of the Dungeon)
 E - a wand of light (11)
   (You found it on level 1 of the Lair of Beasts)
Scrolls
 b - a scroll of silence
 l - 3 scrolls of magic mapping
 m - a scroll of fear
 r - 9 scrolls of identify
 s - 6 scrolls of enchant armour
 t - 12 scrolls of teleportation
 x - 4 scrolls of brand weapon
 z - 3 scrolls of blinking
 O - 3 scrolls of immolation
 S - a scroll of enchant weapon
Potions
 d - 3 potions of might
 e - 4 potions of flight
 h - 5 potions of haste
 i - 6 potions of ambrosia
 j - 4 potions of lignification
 n - 2 potions of resistance
 p - a potion of magic
 q - 3 potions of curing
 w - 8 potions of heal wounds
 D - 3 potions of mutation
 F - a potion of attraction
 L - 2 potions of invisibility


   Skills:
 + Level 17.2(22.2) Fighting
 - Level 16.0(21.0) Axes
 + Level 17.3(22.3) Armour
 - Level 11.0(16.0) Dodging
 - Level 3.6(8.6) Shields
 - Level 11.0 Invocations
 - Level 6.0 Evocations


You had 14 spell levels left.
You didn't know any spells.
Your spell library was empty.

Dungeon Overview and Level Annotations

Branches:
Dungeon (15/15)            Temple (1/1) D:6            Lair (5/5) D:11
 Shoals (0/4) Lair:2        Snake (0/4) Lair:2          Orc (0/2) D:10
 Vaults (0/5) D:14         Depths (0/4) D:15
  Slime: Lair:4-5

Altars:
Cheibriados
Dithmenos
Elyvilon
Fedhas
Gozag
Hepliaklqana
Kikubaaqudgha
Makhleb
Nemelex Xobeh
Okawaru
Qazlal
Ru
Sif Muna
Trog
Uskayaw
Wu Jian
Xom
Yredelemnul
Zin
The Shining One
Jiyva
Lugonu

Shops:
D:1 *   D:2 *=*   D:6 (   D:14 *   D:15 (

Portals:
Abyss: Lair:5

Annotations:
D:8 2 runed translucent doors
Lair:1 1 runed translucent door, Olid's ghost, journeyman DrCj
Lair:4 exclusion: oklob plant


Innate Abilities, Weirdness & Mutations

You have a pair of horns on your head.
You reflexively headbutt those who attack you in melee.


Message History

You hit the green ugly thing.
The green ugly thing is lightly wounded.
You slash the green ugly thing! You headbutt the green ugly thing!
The green ugly thing is heavily wounded.
The green ugly thing pecks you.
You slice the green ugly thing!!
You feel better.
The green ugly thing is severely wounded.
The green ugly thing closely misses you.
You furiously retaliate!
You headbutt the green ugly thing. You slash the green ugly thing!
Your headbutt misses the green ugly thing.
The green ugly thing is almost dead.
The green ugly thing pecks you but does no damage.
You slash the green ugly thing!
You kill the green ugly thing!
Okawaru accepts your kill.
A cyclops comes into view.
There is an open door here.
A slime creature comes into view.
The cyclops completely misses you.
You hit the cyclops but do no damage. The cyclops hits you!
You slash the cyclops!
You feel better.
You headbutt the cyclops!
The cyclops is heavily wounded.
You barely miss the slime creature. The fire giant casts a spell at you.
The bolt of fire hits you!! You block the slime creature's attack.
You slash the cyclops! You headbutt the cyclops.
The cyclops is severely wounded.
You slash the slime creature! You block the cyclops's attack.
You slice the cyclops!!
You kill the cyclops!
Okawaru accepts your kill.
You slash the slime creature!
You feel better. The slime creature barely misses you.
You hit the slime creature. You headbutt the slime creature.
The slime creature is heavily wounded.
You hit the fire giant.
The fire giant hits you but does no damage.
The slime creature hits you but does no damage.
You barely miss the slime creature.
The slime creature is heavily wounded.
You barely miss the fire giant.
The fire giant hits you but does no damage.
The slime creature hits you but does no damage.
You slash the slime creature!
The slime creature is severely wounded.
You hit the fire giant. You hit the slime creature.
You headbutt the slime creature!
The slime creature is almost dead.
You hit the fire giant but do no damage.
The fire giant hits you with a +1 great sword of flaming!!
The fire giant burns you!
The slime creature hits you but does no damage.
You slice the slime creature!!
You kill the slime creature!
Okawaru accepts your kill.
You hit the fire giant.
You feel better.
The fire giant hits you with a +1 great sword of flaming.
The fire giant burns you.
You hit the fire giant but do no damage.
You headbutt the fire giant.
The fire giant is lightly wounded.
You slash the fire giant!
You feel better.
The fire giant is lightly wounded.
The fire giant hits you with a +1 great sword of flaming!
The fire giant burns you.
You barely miss the fire giant.
The fire giant is lightly wounded.
The fire giant misses you.
You hit the fire giant.
The fire giant is lightly wounded.
The fire giant casts a spell at you. The bolt of fire hits you!!!
* * * LOW HITPOINT WARNING * * *
The cyclops throws a large rock.
The large rock closely misses you.
You are too injured to fight recklessly!
You are too injured to fight recklessly!
You are too injured to fight recklessly!
You are too injured to fight recklessly!
You are too injured to fight recklessly!
You are too injured to fight recklessly!
You are too injured to fight recklessly!
You are too injured to fight recklessly!
You are too injured to fight recklessly!
You are too injured to fight recklessly!
You are too injured to fight recklessly!
You gain the combat prowess of a mighty hero.
The fire giant barely misses you.
You barely miss the fire giant. You headbutt the fire giant!
The fire giant is moderately wounded.
The sentinel's mark upon you fades away.
You feel protected.
The fire giant hits you with a +1 great sword of flaming!!
* * * LOW HITPOINT WARNING * * *
The fire giant burns you.
* * * LOW HITPOINT WARNING * * *
You slash the fire giant!
You feel better.
You headbutt the fire giant!
The fire giant is heavily wounded.
The fire giant hits you with a +1 great sword of flaming!
You die...

.).....# #.^#.#^.#
)......# ##^#.#^##
..)....# #.^#.#^.#
.......# . ##^#.#^##
.......####+.#.^#.#^.# #
.............####'####..#
#.......................#
#'#######......(...####.#
........#......C@.......#
.(......#..........######
........+..........#
........#####......#
............#.C....#
####..#####.'......# ..#
#.#...#### ..# #.'...# #
#.#...#


You could see a fire giant and a cyclops.

Vanquished Creatures
  Rupert (D:12)
  Frances (D:13)
  An ironbound preserver (D:14)
  Snorg (D:13)
  Josephine (D:11)
  Fannar (D:12)
  9 hydras
  Harold (D:9)
  4 boulder beetles
  2 ice dragons (D:15)
  2 catoblepae
  13 two-headed ogres
  3 centaur warriors
  An alligator (shapeshifter) (D:13)
  2 ogre magi (D:15)
  A two-headed ogre (shapeshifter) (D:13)
  A death knight (D:14)
  6 death yaks (Lair:5)
  A tengu warrior (D:15)
  4 thrashing horrors (Lair:5)
  Nergalle (D:12)
  9 skeletal warriors
  A swamp dragon (shapeshifter) (D:13)
  A phantasmal warrior (D:14)
  2 deep elf pyromancers
  A harpy (shapeshifter) (D:13)
  An orc knight (D:14)
  7 ugly things
  5 cyclopes
  10 slime creatures
  24 elephants
  6 manticores
  Joseph (D:8)
  2 torpor snails
  9 black mambas
  A smoke demon (Lair:5)
  A cane toad (shapeshifter) (Lair:5)
  A gargoyle (D:14)
  9 cane toads
  4 rime drakes
  9 komodo dragons
  Maggie (D:8)
  An unseen horror (D:10)
  A freezing wraith (D:14)
  A yaktaur (D:11)
  A kobold demonologist (D:14)
  A tengu conjurer (D:15)
  2 ancient zymes (Lair:5)
  A queen bee (Lair:3)
  3 trolls
  3 meliai (D:15)
  Grinder (D:4)
  A wind drake (Lair:2)
  A meliai (shapeshifter) (Lair:5)
  A raiju (shapeshifter) (D:14)
  Prince Ribbit (D:5)
  A tarantella (shapeshifter) (Lair:5)
  25 blink frogs
  2 spriggans (Lair:5)
  Sigmund (D:5)
  4 water elementals (D:13)
  A centaur simulacrum (D:11)
  45 yaks
  A vampire (D:14)
  3 wyverns
  10 wraiths
  8 basilisks
  3 chaos spawn (Lair:5)
  2 steam dragons
  A warg (D:14)
  2 nagas (Lair:2)
  Menkaure (D:6)
  4 acid dragons
  2 large abominations (Lair:5)
  9 water moccasins
  3 orc warriors
  4 ice beasts
  2 sky beasts
  A black bear (D:6)
  4 ogres
  18 wolves
  16 centaurs
  2 phantoms (D:5)
  3 kobold brigands
  11 bullfrogs
  A bullfrog (shapeshifter) (D:11)
  3 necrophages
  2 scorpions
  9 wights
  27 killer bees
  A howler monkey (D:13)
  11 electric eels
  2 jellies
  4 hounds
  3 orc priests
  A gnoll bouda (D:8)
  Crazy Yiuf (D:7)
  3 iguanas
  6 orc wizards
  11 small abominations (Lair:5)
  6 gnolls (D:8)
  5 adders
  4 white imps
  An ufetubus (D:7)
  3 worms
  3 dart slugs
  21 orcs
  3 ball pythons
  2 bats (D:1)
  12 endoplasms
  4 giant cockroaches
  2 goblins
  11 hobgoblins
  13 jackals
  4 quokkas
  5 frilled lizards
  17 kobolds
  8 rats
579 creatures vanquished.

Vanquished Creatures (others)
  A wolf (Lair:4)
  30 fungi
  62 plants
93 creatures vanquished.

Grand Total: 672 creatures vanquished

Notes
Turn   | Place    | Note
-------+----------+-------------------------------------------
     0 | D:1      | Flugkiller the Minotaur Fighter began the quest for the
                  | Orb.
     0 | D:1      | Reached XP level 1. HP: 19/19 MP: 0/0
     9 | D:1      | Found Qoopno's Assorted Antiques.
   281 | D:1      | Reached XP level 2. HP: 27/27 MP: 1/1
   577 | D:1      | Found a faded altar of an unknown god.
   643 | D:1      | Reached XP level 3. HP: 33/33 MP: 2/2
   704 | D:2      | Found Kuiklod's Assorted Antiques.
   752 | D:2      | Found Pecoxt's Jewellery Boutique.
   821 | D:2      | Found Pinneyrr's Assorted Antiques.
  1080 | D:3      | Reached XP level 4. HP: 40/40 MP: 3/3
  1858 | D:4      | Noticed a water moccasin
  1865 | D:4      | Killed a water moccasin
  1866 | D:4      | Reached skill level 5 in Axes
  1866 | D:4      | Reached XP level 5. HP: 42/47 MP: 4/4
  2017 | D:4      | Reached skill level 5 in Fighting
  2017 | D:4      | Reached skill level 5 in Armour
  2018 | D:4      | Reached XP level 6. HP: 51/56 MP: 5/5
  2193 | D:4      | Noticed Grinder
  2193 | D:4      | Paralysed by Grinder for 2 turns
  2213 | D:4      | Killed Grinder
  2530 | D:4      | Reached XP level 7. HP: 62/62 MP: 6/6
  2763 | D:5      | Entered Level 5 of the Dungeon
  2857 | D:5      | Noticed Prince Ribbit
  2869 | D:5      | Reached XP level 8. HP: 12/71 MP: 7/7
  3158 | D:5      | Killed Prince Ribbit
  3593 | D:5      | Found a shimmering blue altar of Sif Muna.
  3721 | D:5      | Noticed Sigmund
  3728 | D:5      | Killed Sigmund
  4028 | D:6      | Reached skill level 10 in Axes
  4077 | D:6      | Noticed Menkaure
  4081 | D:6      | Killed Menkaure
  4082 | D:6      | Reached XP level 9. HP: 81/81 MP: 8/8
  4174 | D:6      | Found a staircase to the Ecumenical Temple.
  4337 | Temple   | Entered the Ecumenical Temple
  4700 | D:6      | Found Xira's Antique Weapon Boutique.
  5092 | D:7      | Found an iron altar of Okawaru.
  5176 | D:7      | Became a worshipper of Warmaster Okawaru
  5411 | D:7      | Identified the +3 leather armour "Kewopul" {+Inv rF- SInv}
  5523 | D:7      | Found a stormy altar of Qazlal.
  5644 | D:7      | Found a runed translucent door.
  5645 | D:7      | Noticed Crazy Yiuf
  5696 | D:7      | Killed Crazy Yiuf
  5816 | D:2      | Bought a shimmering chain mail for 275 gold pieces
  5816 | D:2      | Identified the +8 chain mail of Unnyrhiw {rC+ rN+} (You
                  | bought it in a shop on level 2 of the Dungeon)
  6071 | D:8      | Reached skill level 1 in Invocations
  6071 | D:8      | Reached skill level 1 in Evocations
  6210 | D:8      | Reached * piety under Okawaru
  6284 | D:8      | Noticed Joseph
  6297 | D:8      | Killed Joseph
  6412 | D:8      | Reached XP level 10. HP: 74/91 MP: 10/10
  6633 | D:8      | Found an ornate altar of the Wu Jian Council.
  6674 | D:8      | Found a shimmering altar of Xom.
  6878 | D:8      | Noticed Maggie
  6879 | D:8      | Found a large runed translucent door.
  6893 | D:8      | Killed Maggie
  6893 | D:8      | Reached ** piety under Okawaru
  7100 | D:8      | Found a large runed translucent door.
  7455 | D:9      | Noticed Harold
  7471 | D:9      | Killed Harold
  7574 | D:9      | Noticed a two-headed ogre
  7581 | D:9      | Killed a two-headed ogre
  7597 | D:9      | Reached *** piety under Okawaru
  8044 | D:9      | Reached skill level 10 in Armour
  8196 | D:9      | Reached **** piety under Okawaru
  8386 | D:10     | Entered Level 10 of the Dungeon
  8464 | D:10     | Found a glowing silver altar of Zin.
  8464 | D:10     | Found a snail-covered altar of Cheibriados.
  8464 | D:10     | Found a hide-covered altar of Uskayaw.
  8499 | D:10     | Found an opulent altar of Gozag.
  8506 | D:10     | Reached skill level 10 in Fighting
  8731 | D:10     | Found an ancient bone altar of Kikubaaqudgha.
  8810 | D:10     | Found a staircase to the Orcish Mines.
  8896 | D:10     | Noticed a two-headed ogre
  8904 | D:10     | Killed a two-headed ogre
  8905 | D:10     | Reached XP level 11. HP: 82/99 MP: 13/13
  9107 | D:10     | Identified the +6 ring mail of Xoadal {rElec rC+ Int-5}
  9618 | D:11     | Found a staircase to the Lair.
  9801 | D:11     | Reached ***** piety under Okawaru
  9867 | D:11     | Received a gift from Okawaru
  9876 | D:11     | Reached skill level 5 in Invocations
 10212 | D:11     | Noticed Josephine
 10226 | D:11     | Killed Josephine
 10226 | D:11     | Identified the +0 scale mail of the Cricket {rC+ Will+
                  | Str-2 SInv} (Okawaru gifted it to you on level 11 of the
                  | Dungeon)
 10226 | D:11     | Received a gift from Okawaru
 10298 | D:11     | Identified a scroll of acquirement
 10298 | D:11     | Acquired a +2 vampiric war axe
 10335 | Lair:1   | Entered Level 1 of the Lair of Beasts
 10374 | Lair:1   | Found a runed translucent door.
 10430 | Lair:1   | Reached skill level 5 in Evocations
 10812 | Lair:1   | Found a shimmering altar of Xom.
 10812 | Lair:1   | Noticed Olid's ghost (journeyman DrCj)
 11070 | Lair:1   | Noticed a +2 quarterstaff of chaos
 11356 | Lair:2   | Reached XP level 12. HP: 80/110 MP: 15/15
 11362 | Lair:2   | Reached skill level 15 in Axes
 11595 | Lair:2   | Found a staircase to the Snake Pit.
 11769 | Lair:2   | Found a staircase to the Shoals.
 12214 | Lair:2   | Received a gift from Okawaru
 12215 | Lair:2   | Reached skill level 1 in Dodging
 13096 | Lair:3   | Noticed a catoblepas
 13113 | Lair:3   | Killed a catoblepas
 13146 | Lair:3   | Received a gift from Okawaru
 13356 | Lair:3   | Reached ****** piety under Okawaru
 13660 | Lair:3   | Received a gift from Okawaru
 13661 | Lair:3   | Reached XP level 13. HP: 119/119 MP: 14/17
 14181 | Lair:4   | Reached skill level 5 in Dodging
 14333 | Lair:4   | Received a gift from Okawaru
 14746 | Lair:4   | Identified the +0 robe of Muniggy {Harm Dex+6} (Okawaru
                  | gifted it to you on level 4 of the Lair of Beasts)
 14746 | Lair:4   | Received a gift from Okawaru
 15046 | Lair:4   | Found a viscous altar of Jiyva.
 15080 | Lair:5   | Entered Level 5 of the Lair of Beasts
 15535 | Lair:5   | Reached XP level 14. HP: 116/130 MP: 14/20
 15994 | Lair:5   | Reached skill level 10 in Invocations
 16078 | Lair:5   | Received a gift from Okawaru
 17135 | Lair:5   | Found a corrupted altar of Lugonu.
 17135 | Lair:5   | Found a one-way gate to the infinite horrors of the Abyss.
 17449 | D:12     | Identified the +2 plate armour of the Morning Star {rElec
                  | Slay+3} (Okawaru gifted it to you on level 12 of the
                  | Dungeon)
 17449 | D:12     | Received a gift from Okawaru
 17652 | D:12     | Noticed Rupert
 17666 | D:12     | Killed Rupert
 17855 | D:12     | Noticed Fannar
 17877 | D:12     | Killed Fannar
 18233 | D:12     | Reached skill level 15 in Armour
 18357 | D:12     | Reached skill level 15 in Fighting
 18769 | D:12     | Noticed Nergalle
 18786 | D:12     | Killed Nergalle
 19305 | D:13     | Noticed Frances
 19586 | D:13     | Noticed Snorg
 19595 | D:13     | Killed Snorg
 19938 | D:13     | Killed Frances
 19939 | D:13     | Reached XP level 15. HP: 132/141 MP: 20/22
 20077 | D:13     | Reached skill level 10 in Dodging
 21119 | D:14     | Found a gate to the Vaults.
 21130 | D:14     | Received a gift from Okawaru
 21764 | D:14     | Found Utsentut's Assorted Antiques.
 22156 | D:14     | Identified the +9 battleaxe "Boejuem" {drain, Str+2}
                  | (Okawaru gifted it to you on level 14 of the Dungeon)
 22156 | D:14     | Received a gift from Okawaru
 22343 | D:15     | Entered Level 15 of the Dungeon
 22413 | D:15     | Found a staircase to the Depths.
 22648 | D:15     | Found Jajygoruki's Weapon Shop.
 22853 | D:15     | Found an iron altar of Okawaru.
 23003 | D:15     | Paralysed by an ogre mage for 2 turns
 23077 | D:15     | Received a gift from Okawaru
 23416 | D:15     | Noticed a fire giant
 23424 | D:15     | Identified the +2 robe of Wilyun {rF+ rC+ SInv}
 23457 | D:15     | Slain by a fire giant

Illustrated notes

Levels and vault maps discovered:
D:1:      ncdulo_watergridlock, layout_basic, shapermc_ecumenical_altar_venn,
          serial_shops, shop_fountains
D:2:      layout_rooms, serial_shops, shop, shop, nicolae_shop_hallway_stairs,
          nicolae_concentric_dashed_squares_wild
D:3:      layout_loops_ring, minmay_misc_feat_diagonals, minmay_starry_boxes
D:4:      kennysheep_spiral_hall, layout_basic, uniq_grinder
D:5:      layout_rooms, nicolae_sif_muna_little_library, uniq_prince_ribbit1,
          uniq_sigmund
D:6:      nicolae_cairo_tiling, layout_loops_ring, serial_shops, shop,
          uniq_menkaure
D:7:      layout_cave_pools, nicolae_overflow_crystal_walls,
          nicolae_qazlal_style_of_elements, uniq_crazy_yiuf_cottage
D:8:      layout_basic, mainiacjoe_overflow_catwalk_spiral,
          jmf_multi_god_temple2, uniq_joseph, uniq_maggie
D:9:      layout_loops_ring, nicolae_elevator_lobby_asterisk, uniq_harold
D:10:     layout_basic, kiku_gazebo_pond_becter,
          chequers_temple_overflow_statue_of_worship,
          mainiacjoe_overflow_24_doors, orc_0_dummy
D:11:     wander_river, layout_loops_ring, lair_entry_dummy, kb_rosetta,
          uniq_josephine
D:12:     layout_grid_maze, serial_co_window_serial, co_window_paths_b,
          co_window_corner_a, co_window_paths_a, co_window_paths_a,
          co_window_corner_a, co_window_paths_a, co_window_corner_ca,
          co_window_broadway_c, co_window_paths_c, co_window_unsneaky_path_c,
          co_window_corner_cb, co_window_broadway_b, co_window_of_opportunity_b,
          co_window_4corner_b, glass_columns_a, glass_columns_b,
          glass_columns_c, glass_columns_a, uniq_rupert, uniq_nergalle,
          uniq_fannar
D:13:     layout_stronghold, portal_ice_cave_entry_pillars_1, kennysheep_boxes,
          uniq_frances, uniq_snorg
D:14:     layout_long_grid, skrybe_vaults_entry_preservation, serial_shops,
          nicolae_shop_behind_doors, chequers_decorated_corner
D:15:     grunt_enter_depths_hoard, layout_irregular_city,
          okawaru_ov_weapons_minmay, serial_shops, shop, grunt_tough_drop
Temple:   nicolae_temple_ecumenical_triangle
Lair:1:   hellmonk_ruined_rings, layout_gridlike, ebering_ghost_xom
Lair:2:   layout_regular_city, minmay_shoals_entry_beasts,
          guppyfry_snake_entry_island, infiniplex_staircase_pool
Lair:3:   layout_roguey [special_room_bee], serial_bayou, serial_bayou_shore_a,
          serial_bayou_pond_c, serial_bayou_lagoon_a, serial_bayou_ford_a,
          minivault_26
Lair:4:   layout_cave_shapes, minmay_slime_entry_oklob_enclosed
Lair:5:   hellmonk_lair_end_abyssal_woods, layout_concentric_octagons

Skill      XL: |  1  2  3  4  5  6  7  8  9 10 11 12 13 14 15 |
---------------+----------------------------------------------+-----
Axes           | 3 4 5 6 8 10 11 13 14 16 | 16.0
Fighting       | 4 5 6 7 9 10 11 12 13 15 17 | 17.2
Armour         | 4 5 6 8 9 10 11 12 13 15 17 | 17.3
Invocations    | 2 4 6 7 9 11 | 11.0
Evocations     | 2 4 5 6 |  6.0
Dodging        | 4 7 9 11 | 11.0
Shields        | |  3.6

Action                   |  1- 3 |  4- 6 |  7- 9 | 10-12 | 13-15 || total
-------------------------+-------+-------+-------+-------+-------++-------
Melee: War axe           |    66 |    88 |   230 |   519 |  1128 ||  2031
       Headbutt          |     7 |    14 |    42 |   117 |   336 ||   516
Invok: Heroism           |       |       |       |     4 |    26 ||    30
       Finesse           |       |       |       |       |    13 ||    13
Evoke: Wand              |       |       |       |     2 |       ||     2
  Use: Potion            |       |     1 |     1 |       |     2 ||     4
       Scroll            |       |       |    17 |    10 |     7 ||    34
 Stab: Petrified         |       |       |       |     2 |       ||     2
       Petrifying        |       |       |       |     1 |     1 ||     2
Armor: Scale mail        |    24 |    22 |    61 |       |       ||   107
       Chain mail        |       |       |    36 |   205 |   741 ||   982
Dodge: Dodged            |    47 |    57 |   138 |   270 |  1025 ||  1537
Block: Buckler           |    12 |    25 |    48 |   156 |   475 ||   716
